 Dungeon Crawl Stone Soup version 0.31.0-11-ge490571c62 (webtiles) character file.

Game seed: 2559056469560237827

17251360 Midpoint the Bringer of Law (level 27, 191/191 HPs)
             Began as a Gargoyle Ice Elementalist on Feb 2, 2024.
             Was the Champion of Zin.
             Escaped with the Orb
             ... and 15 runes
             ... and 3 gems on Feb 8, 2024!
             The game lasted 20:10:37 (91636 turns).

Midpoint the Bringer of Law (GrIE)                 Turns: 91636, Time: 20:10:37

Health: 191/191    AC: 65    Str: 16    XL:     27
Magic:  51/57      EV: 19    Int: 36    God:    Zin [******]
Gold:   11481      SH: 27    Dex: 14    Spells: 4/69 levels left

rFire   + . .        b - staff "Midpoint's Doom" {rF+ Int+6 SInv Fire}
rCold   + + +        m - +2 tower shield {AC+3}
rNeg    + + +        z - +8 pearl dragon scales "Afoqodd" {rC+ rN+ Stlth+}
rPois   ∞            n - +1 helmet {Int+3}
rElec   +            j - +2 cloak {Will+}
rCorr   .            V - +2 pair of gloves
SInv    +            E - +2 pair of boots {rampage}
Will    ++++.        x - amulet of Vitality {RegenMP++ Regen++}
Stlth   ++           v - ring of Fusigab {Will+ EV+5 Str+3 Dex+4 Slay+2}
HPRegen 2.11/turn    i - ring of Xudwuc {rC+++ rN+ MP+9 Int-2 Stlth+}
MPRegen 1.15/turn

%: clarity, rampage
@: flying, studying Stealth
A: sickness immunity, AC +20, big wings, negative energy resistance 1,
electricity resistance, torment resistance 1, petrification resistance, clarity
0: Orb of Zot
}: 15/15 runes: barnacled, slimy, silver, golden, iron, obsidian, icy, bone,
abyssal, demonic, glowing, magical, fiery, dark, gossamer
a: Renounce Religion, Recite, Vitalisation, Imprison, Sanctuary, Donate Gold


You escaped.
You worshipped Zin.
Zin was exalted by your worship.
You visited 18 branches of the dungeon, and saw 88 of its levels.
You visited Pandemonium 1 time, and saw 36 of its levels.
You visited the Abyss 3 times.
You also visited: Volcano and Desolation.

You collected 17280 gold pieces.
You spent 5286 gold pieces at shops.
You donated 513 gold pieces to Zin.

Inventory:

Hand Weapons
 a - a +6 sacred scourge of holy wrath
 M - the +13 sceptre of Asmodeus
   (You took it off Asmodeus on level 7 of Gehenna)

   Fire Summon: It may summon demons of flame and damnation when striking foes.
   Zin disapproves of the use of such an item.
 S - the +10 morningstar "Eos" {elec, Halo rElec}
   (You bought it in a shop on level 3 of the Vaults)

   Halo:      It grants its wielder a halo, revealing invisible creatures and
   increasing accuracy against all within it other than the wielder.
   rElec:     It insulates you from electricity.
Missiles
 u - 26 silver javelins
 C - 38 boomerangs
 F - 8 throwing nets
 G - 22 javelins
Armour
 j - a +2 cloak of willpower (worn)
 m - a +2 tower shield of protection (worn)
 n - a +1 helmet of intelligence (worn)
 s - the +1 cloak of Conkenn {rF++}
   (You found it on level 4 of the Abyss)

   rF++:      It greatly protects you from fire.
 z - the +8 pearl dragon scales "Afoqodd" (worn) {rC+ rN+ Stlth+}
   (You found it on level 3 of the Tomb of the Ancients)

   rC+:       It protects you from cold.
   rN+:       It protects you from negative energy.
   Stlth+:    It makes you more stealthy.
 E - a +2 pair of boots of rampaging (worn)
 P - a +2 cloak of preservation
 V - a +2 pair of gloves (worn)
 Z - the orb of Dispater {+Damnation *Corrode AC+5}
   (You took it off Dispater on level 7 of the Iron City of Dis)

   +Damnation: It grants the ability to hurl damnation at the cost of health and
   magic, with strength depending on Evocations skill.
   AC+5:      It affects your AC (+5).
   *Corrode:  It may corrode you when you take damage.
   Zin disapproves of the use of such an item.
Magical Staves
 b - the staff "Midpoint's Doom" (weapon) {rF+ Int+6 SInv Fire}
   (You found it in Pandemonium)

   [staff of fire]

   Base accuracy: +5 Base damage: 5 Base attack delay: 1.2 This weapon's minimum
   attack delay (0.6) is reached at skill level 12.
   Int+6:     It affects your intelligence (+6).
   rF+:       It protects you from fire.
   SInv:      It lets you see invisible.
   Fire:      It increases the power of your Fire spells.
   It falls into the 'Staves' category.
   It is a one-handed weapon.
 e - a staff of earth
Jewellery
 i - the ring of Xudwuc (right hand) {rC+++ rN+ MP+9 Int-2 Stlth+}
   (You bought it in a shop on level 11 of the Dungeon)

   [ring of magical power]

   Int-2:     It affects your intelligence (-2).
   rC+++:     It renders you almost immune to cold.
   rN+:       It protects you from negative energy.
   MP+9:      It affects your magic capacity (+9).
   Stlth+:    It makes you more stealthy.
 l - the ring of the Tortoise {AC+8}
   (You found it on level 7 of the Iron City of Dis)

   [ring of protection]

   AC+8:      It affects your AC (+8).
 p - the ring of Suanu {rC+ Str+6 SInv}
   (You found it on level 3 of the Crypt)

   [ring of strength]

   Str+6:     It affects your strength (+6).
   rC+:       It protects you from cold.
   SInv:      It lets you see invisible.
 r - the ring of Kiukhall {Fire Will+ Slay+5}
   (You found it on level 7 of Tartarus)

   [ring of fire]

   Fire:      It enhances your fire magic.
   Slay+5:    It affects your accuracy & damage with ranged weapons and melee
   (+5).
   rF+:       It protects you from fire.
   rC-:       It makes you vulnerable to cold.
   Will+:     It increases your willpower.
 v - the ring of Fusigab (left hand) {Will+ EV+5 Str+3 Dex+4 Slay+2}
   (You found it in the Desolation of Salt)

   [ring of evasion]

   EV+5:      It affects your evasion (+5).
   Str+3:     It affects your strength (+3).
   Dex+4:     It affects your dexterity (+4).
   Slay+2:    It affects your accuracy & damage with ranged weapons and melee
   (+2).
   Will+:     It increases your willpower.
 x - the amulet of Vitality (around neck) {RegenMP++ Regen++}
   (You took it off a merfolk siren on level 4 of the Shoals)

   [amulet of magic regeneration]

   RegenMP:   It increases your rate of magic regeneration.
   Regen++:   It increases your rate of health regeneration.
 X - the ring of Fiomojek {Wiz rC- rN+++ Dex+3 Stlth+}
   (You found it on level 3 of the Tomb of the Ancients)

   [ring of wizardry]

   Wiz:       It improves your spell success rate.
   Dex+3:     It affects your dexterity (+3).
   rC-:       It makes you vulnerable to cold.
   rN+++:     It renders you almost immune to negative energy.
   Stlth+:    It makes you more stealthy.
Wands
 q - a wand of digging (47)
 y - a wand of acid (14)
 U - a wand of roots (98)
Scrolls
 f - 4 scrolls of amnesia
 g - 5 scrolls of silence
 k - 3 scrolls of revelation
 o - 12 scrolls of teleportation
 w - 4 scrolls of blinking
 T - 4 scrolls of fog
 W - 3 scrolls of butterflies
Potions
 c - 9 potions of resistance
 h - 33 potions of curing
 t - 6 potions of haste
 A - 11 potions of ambrosia
 B - 11 potions of brilliance
 D - 13 potions of mutation
 H - 10 potions of enlightenment
 I - 10 potions of might
 K - 2 potions of heal wounds
 L - 2 potions of magic
 N - 6 potions of cancellation
 O - 3 potions of invisibility
Miscellaneous
 d - a tin of tremorstones (2/2)
 J - a figurine of a ziggurat
 Q - a phial of floods
 R - the horn of Geryon
 Y - a phantom mirror


   Skills:
 * Level 24.3 Fighting
 - Level 20.8 Maces & Flails
 - Level 6.0 Throwing
 - Level 20.1 Armour
 + Level 11.0 Dodging
 * Level 10.8 Stealth
 O Level 27 Shields
 + Level 21.5 Spellcasting
 - Level 22.0 Conjurations
 - Level 2.0 Summonings
 - Level 6.0 Translocations
 - Level 24.0 Fire Magic
 - Level 10.0 Ice Magic
 - Level 26.0 Earth Magic
 O Level 27 Invocations
 - Level 12.0 Evocations


You had 4 spell levels left.
You knew the following spells:

 Your Spells              Type           Power      Damage    Failure   Level
a - Lee's Rapid Deconstr  Erth           61%        3d28*     0%          5
b - Passage of Golubria   Tloc           69%        N/A       1%          4
c - Ozocubu's Armour      Ice            84%        N/A       1%          3
d - Lesser Beckoning      Tloc           100%       N/A       1%          2
e - Apportation           Tloc           100%       N/A       1%          1
f - Shatter               Erth           61%        3d46*     4%          9
g - Ignition              Fire           71%        3d19      1%          8
h - Orb of Destruction    Conj           57%        9d14      1%          7
i - Passwall              Erth           100%       N/A       0%          3
j - Fire Storm            Conj/Fire      70%        8d18      14%         9
k - Bombard               Conj/Erth      59%        9d10      0%          6
l - Blink                 Tloc           100%       N/A       1%          2
m - Starburst             Conj/Fire      70%        6d18      1%          6

Your spell library contained the following spells:

 Spells                   Type           Power      Damage    Failure   Level
 Foxfire                  Conj/Fire      100%       2x1d9     0%          1
 Magic Dart               Conj           100%       1d8       0%          1
 Sandblast                Erth           100%       2d20      0%          1
 Momentum Strike          Conj/Tloc      100%       3d10      0%          2
 Scorch                   Fire           100%       2d9       0%          2
 Hailstorm                Conj/Ice       100%       3d16      0%          3
 Stone Arrow              Conj/Erth      100%       3d13      0%          3
 Volatile Blastmotes      Fire/Tloc      100%       2d18      0%          3
 Brom's Barrelling Bould  Conj/Erth      100%       2d11      0%          4
 Flame Wave               Conj/Fire      100%       2d21      0%          4
 Freeze                   Ice            100%       1d10      1%          1
 Necrotise                Necr           100%       1d9       1%          1
 Shock                    Conj/Air       100%       1d9       1%          1
 Sting                    Conj/Alch      100%       1d9       1%          1
 Summon Small Mammal      Summ           100%       N/A       1%          1
 Call Imp                 Summ           100%       N/A       1%          2
 Ensorcelled Hibernation  Hex/Ice        100%       N/A       1%          2
 Static Discharge         Conj/Air       100%       3-8/arc   1%          2
 Dazzling Flash           Conj/Hex       100%       N/A       1%          3
 Frozen Ramparts          Ice            100%       1d16      1%          3
 Gell's Gravitas          Tloc           69%        N/A       1%          3
 Inner Flame              Hex/Fire       100%       N/A       1%          3
 Mephitic Cloud           Conj/Alch/Air  75%        N/A       1%          3
 Summon Ice Beast         Ice/Summ       69%        N/A       1%          3
 Teleport Other           Tloc           69%        N/A       1%          3
 Animate Armour           Summ/Erth      100%       N/A       1%          4
 Ignite Poison            Fire/Alch      100%       N/A       1%          4
 Leda's Liquefaction      Alch/Erth      46%        N/A       1%          4
 Manifold Assault         Tloc           69%        N/A       1%          4
 Petrify                  Alch/Erth      93%        N/A       1%          4
 Sticky Flame             Fire/Alch      100%       2d15      1%          4
 Summon Blazeheart Golem  Fire/Summ      100%       N/A       1%          4
 Jinxbite                 Hex            76%        N/A       2%          2
 Mercury Vapours          Alch/Air       76%        N/A       2%          2
 Call Canine Familiar     Summ           52%        N/A       2%          3
 Dimensional Bullseye     Hex/Tloc       28%        N/A       4%          4
 Vhi's Electric Charge    Tloc/Air       100%       N/A       4%          4
 Confusing Touch          Hex            38%        N/A       5%          3
 Fugue of the Fallen      Necr           38%        N/A       5%          3
 Sigil of Binding         Hex            38%        N/A       5%          3
 Swiftness                Air            38%        N/A       5%          3
 Tukima's Dance           Hex            38%        N/A       5%          3
 Summon Lightning Spire   Summ/Air       45%        N/A       12%         4
 Airstrike                Air            19%        2d(3-19)  17%         4
 Anguish                  Hex/Necr       19%        N/A       17%         4
 Animate Dead             Necr           38%        N/A       17%         4
 Cause Fear               Hex            19%        N/A       17%         4
 Olgreb's Toxic Radiance  Alch           38%        N/A       17%         4
 Fireball                 Conj/Fire      70%        3d26      0%          5
 Arcjolt                  Conj/Air       43%        1d53      1%          5
 Borgnjor's Vile Clutch   Necr/Erth      46%        N/A       1%          5
 Irradiate                Conj/Alch      43%        3d26      1%          5
 Plasma Beam              Fire/Air       56%        2x1d71    1%          6
 Lehudib's Crystal Spear  Conj/Erth      59%        10d14     1%          8
 Metabolic Englaciation   Hex/Ice        32%        N/A       6%          5
 Summon Forest            Summ/Tloc      30%        N/A       10%         5
 Spellforged Servitor     Conj/Summ      45%        N/A       11%         7
 Dispersal                Tloc           34%        N/A       22%         6
 Ozocubu's Refrigeration  Ice            42%        4d16      24%         7
 Summon Mana Viper        Hex/Summ       45%        N/A       32%         5
 Sculpt Simulacrum        Ice/Alch       32%        N/A       34%         6
 Curse of Agony           Necr           38%        N/A       43%         5
 Silence                  Hex/Air        19%        N/A       43%         5
 Yara's Violent Unravell  Hex/Alch       19%        3d9       43%         5
 Summon Cactus Giant      Summ           26%        N/A       75%         6
 Eringya's Noxious Bog    Alch           19%        4d6       95%         6
 Enfeeble                 Hex            19%        N/A       100%        7
 Summon Hydra             Summ           26%        N/A       100%        7
 Discord                  Hex            19%        N/A       100%        8
 Disjunction              Tloc           34%        N/A       100%        8
 Chain Lightning          Conj/Air       43%        3d58      100%        9
 Polar Vortex             Ice            42%        12d5*     100%        9


Dungeon Overview and Level Annotations

Branches:
Dungeon (15/15)            Temple (1/1) D:4            Lair (5/5) D:8
 Shoals (4/4) Lair:3       Spider (4/4) Lair:2        Slime (5/5) Lair:5
    Orc (2/2) D:11            Elf (3/3) Orc:2        Vaults (5/5) D:13
  Crypt (3/3) Vaults:2       Tomb (3/3) Crypt:3      Depths (4/4) D:15
   Hell (visited)             Dis (7/7) Hell            Geh (7/7) Hell
    Coc (7/7) Hell            Tar (7/7) Hell            Zot (5/5) Depths:4
Volcano (visited)         Desolation (visited)

Altars:
Ashenzari
Cheibriados
Dithmenos
Elyvilon
Fedhas
Gozag
Hepliaklqana
Kikubaaqudgha
Makhleb
Nemelex Xobeh
Okawaru
Qazlal
Ru
Sif Muna
Trog
Uskayaw
Vehumet
Wu Jian
Xom
Yredelemnul
Zin
The Shining One
Jiyva
Lugonu

Shops:
D:6 :   D:10 =   D:11 =   Orc:2 [*(=   Shoals:1 !   Vaults:1 ::=   Vaults:2 *
Vaults:3 (   Depths:2 (*!*

Portals:
Hell: Depths:1 Depths:2 Depths:3 Depths:4
Abyss: Lair:5 Depths:3
Pandemonium: Depths:1 Depths:2
Ziggurat: Depths:4

Annotations:
D:6 exclusion: ice beast
D:12 1 exclusion
Lair:3 Gastronok
Shoals:3 1 exclusion
Spider:3 3 runed translucent doors, exclusion: 3 doors, Larett's ghost, adept MiBe
Depths:3 1 exclusion
Zot:5 1 exclusion


Innate Abilities, Weirdness & Mutations

You are immune to sickness and miasma.
Your stone body is resilient. (AC +20)
You are immune to poison.
Your large and strong wings let you fly.
You resist negative energy. (rN+)
You are resistant to electric shocks. (rElec)
You are resistant to unholy torment.
You are immune to petrification.
You possess an exceptional clarity of mind.


Message History

Confirm with . or Enter, or press ? or * to list all spells.
The dungeon rumbles!
The Brimstone Fiend is lightly wounded.
Ka-crash!
Unknown command.
Aiming: Bombard (safe; 0% risk of failure)
Press: ? - help, Q - select action, (/) - cycle Shift-Dir - straight line, f/p - Brimstone Fiend
Aim: a Brimstone Fiend (lightly wounded, 90% to hit)
The iron shot hits the Brimstone Fiend!!
The Brimstone Fiend is heavily wounded.
The Brimstone Fiend misses you. You block the Brimstone Fiend's attack.
The Brimstone Fiend closely misses you.
Activating: Recite (0% risk of failure)
Press: ? - help, Dir - look around, f - activate You clear your throat and prepare to recite. "Zin said that faithfulness shall be the law of the land, and..."
The Brimstone Fiend hits you.
You block the Brimstone Fiend's attack. x2
Unknown command.
Aiming: Bombard (safe; 0% risk of failure)
Press: ? - help, Q - select action, (/) - cycle Shift-Dir - straight line, f - Brimstone Fiend
Aim: a Brimstone Fiend (heavily wounded, 90% to hit)
The iron shot hits the Brimstone Fiend!!!
The Brimstone Fiend is almost dead. "...those who turn to unfaithfulness will be condemned.
This was fair..."
The Brimstone Fiend closely misses you.
You block the Brimstone Fiend's attack. x2
Unknown command.
Aiming: Bombard (safe; 0% risk of failure)
Press: ? - help, Q - select action, (/) - cycle Shift-Dir - straight line, f/p - Brimstone Fiend
Aim: a Brimstone Fiend (almost dead, 90% to hit)
The iron shot hits the Brimstone Fiend!!!
You kill the Brimstone Fiend! "...and just, and not a voice dissented."
You finish reciting Apostates 7:7.
Unknown command.
There is a staircase leading out of the dungeon here.
You start resting.
HP restored.
You start resting.
You are ready to recite again.
You have escaped!

.# #######.##.#....####. #..
.### #.............##..... #..
...# #.#.#########....# #..
##.#####................## #..
#.............#.........# #..
######.#.....###.......#.#####..
#.#......#.................
#...............#...#.#####
##...#....@..#..#.#.#
#..###..##..##...##.
#...#..>#...#..#.#
#................#
##......#......###
#.....###.....# #......#......#
#.............# ###############


There were no monsters in sight!

Vanquished Creatures
  Cerebov (Pan)
  Antaeus (Coc:7)
  the Royal Jelly (Slime:5)
  Asmodeus (Geh:7)
  Ignacio (Pan)
  Mnoleg (Pan)
  Gloorx Vloq (Pan)
  Lom Lobon (Pan)
  the Serpent of Hell (Coc:7)
  9 ancient liches
  12 dread liches
  Dispater (Dis:7)
  2 orbs of fire (Zot:5)
  Mennas (Pan)
  A juggernaut (Dis:3)
  26 royal mummies
  Vv (Depths:2)
  8 Killer Klowns
  24 shard shrikes
  20 caustic shrikes
  Geryon (Hell)
  7 golden dragons
  Nikola (Shoals:4)
  7 profane servitors
  the Enchantress (Depths:1)
  2 electric golems (Zot:5)
  16 doom hounds
  4 iron giants
  24 Tzitzimimeh
  24 bone dragons
  19 Brimstone Fiends
  A spectral shard shrike (Tar:6)
  5 hellephants
  21 Hell Sentinels
  13 tentacled monstrosities
  10 tainted leviathans
  20 Ice Fiends
  2 shard shrike skeletons (Tar:7)
  10 liches
  27 Orb Guardians
  5 deep elf blademasters
  A walking earthen tome (Depths:3)
  4 quicksilver dragons
  16 searing wretches
  14 sphinxes
  3 deep elf master archers (Elf:3)
  Grunn (Zot:3)
  11 titans
  19 acid blobs
  4 tentacled starspawn
  16 pandemonium lords
  An eldritch tentacle (Pan)
  38 ancient champions
  10 death cobs
  7 shadow dragons
  Agnes (D:14)
  24 Executioners (Pan)
  A fenstrider witch (Pan)
  8 tengu reavers
  2 nagarajas (Pan)
  18 storm dragons
  Roxanne (Elf:1)
  18 azure jellies
  17 demonspawn warmongers (Pan)
  7 draconian monks
  2 revenants
  5 protean progenitors
  12 rockslimes
  3 draconian knights
  10 deep elf sorcerers
  7 quicksilver elementals
  10 frost giants
  16 vault wardens
  58 balrugs
  2 caustic shrike zombies
  15 narguns
  21 fire giants
  7 ghost moths
  5 curse skulls
  2 angels (Pan)
  5 imperial myrmidons (Desolation)
  An emperor scorpion (Spider:4)
  10 draconian scorchers
  25 cacodemons
  5 draconian shifters
  11 iron dragons
  2 juggernaut zombies (Tar:7)
  7 ghouls
  6 draconian stormcallers
  A spectral caustic shrike (Tar:6)
  4 deep elf elementalists (Elf:3)
  2 orc warlords
  33 reapers
  5 shard shrike simulacra
  4 spriggan defenders
  14 quicksilver oozes
  13 formless jellyfish
  5 demonspawn corrupters (Pan)
  13 draconian annihilators
  17 demonspawn blood saints (Pan)
  20 ironbound preservers
  13 ironbound thunderhulks
  19 very ugly things
  3 caustic shrike skeletons
  13 stone giants
  3 juggernaut skeletons
  8 broodmothers
  2 vampire knights
  13 putrid mouths
  10 green draconians
  22 elemental wellsprings
  11 black draconians
  19 wendigos
  12 deep elf death magi
  20 dire elephants
  2 spectral titans
  16 white draconians
  2 halazid warlocks (Desolation)
  18 bennus
  33 war gargoyles
  4 deep elf demonologists
  18 demonspawn black suns
  A spectral hellephant (Crypt:2)
  6 deep elf annihilators
  9 purple draconians
  15 eidola
  5 spark wasps
  23 iron golems
  21 lorocyprocas
  12 red draconians
  18 yellow draconians
  12 green deaths
  14 jiangshi
  27 blizzard demons
  Snorg (D:11)
  A crystal guardian (Vaults:2)
  An acid blob zombie (Crypt:3)
  11 fire dragons
  A spectral iron giant (Tar:7)
  10 ettins
  24 mummy priests
  2 spectral elves (Crypt:2)
  A quicksilver dragon zombie (Tar:1)
  An entropy weaver (shapeshifter) (Vaults:5)
  5 merfolk impalers
  3 merfolk javelineers
  5 entropy weavers
  5 hydras
  Josephine (D:11)
  7 deep elf high priests
  8 servants of whispers (Desolation)
  9 hell beasts
  4 spectral spriggans
  18 yaktaur captains
  11 ragged hierophants
  The ghost of VoidStrider the Zephyrmancer, a journeyman TeAE of Vehumet (D:10)
  4 ice dragons
  13 salamander tyrants
  3 rakshasas
  4 spriggan air magi
  11 juggernaut simulacra
  A spectral shadow dragon (Crypt:2)
  44 vault guards
  2 jorogumos
  4 radroaches
  3 merfolk avatars (Shoals:4)
  13 great orbs of eyes
  8 peacekeepers
  11 ironbound frosthearts
  2 spriggan skeletons
  16 caustic shrike simulacra
  3 merfolk aquamancers
  10 boulder beetles
  2 catoblepae
  8 stokers
  31 dancing weapons
  A fenstrider witch skeleton (Tomb:1)
  19 centaur warriors
  A two-headed ogre (shapeshifter) (Vaults:1)
  An Orb Guardian skeleton (Crypt:3)
  2 death knights (Vaults:2)
  A naga warrior (Abyss:4)
  2 satyrs
  8 deep troll shamans
  13 deep troll earth magi
  7 tengu warriors
  16 death scarabs
  4 spectral dire elephants
  38 hell hogs
  3 orc high priests (Orc:2)
  11 demonic crawlers
  2 spriggan berserkers
  Urug (Lair:3)
  A titan zombie (Tar:7)
  6 vampire magi
  3 occultists
  A shock serpent (shapeshifter) (Depths:4)
  8 hell knights
  8 thrashing horrors
  3 shock serpents (Pan)
  92 sun demons
  3 hellephant skeletons (Pan)
  27 deep elf knights
  9 crystal echidnas
  34 soul eaters
  39 sixfirhies
  31 shadow wraiths
  2 wretched stars (Abyss:3)
  2 skysharks
  A spectral bunyip (Tar:2)
  2 salamander mystics (Geh:3)
  3 iron trolls (Depths:2)
  4 quicksilver dragon simulacra
  3 pharaoh ants
  32 skeletal warriors
  A spatial maelstrom (Abyss:4)
  2 spectral anacondas
  An anaconda zombie (Crypt:1)
  2 bog bodies
  7 arcanists
  55 deep trolls
  A swamp dragon (Abyss:4)
  4 spriggan simulacra
  An elf simulacrum (Coc:1)
  2 flayed ghosts
  A cherub (Pan)
  7 sea snakes
  3 glowing orange brains
  9 orb spiders
  A spectral hydra (Tar:3)
  13 shadow demons (Pan)
  11 deep elf archers
  13 lindwurms
  10 sun moths
  7 steelbarb worms
  An anaconda skeleton (Crypt:3)
  32 deep elf pyromancers
  An iron giant skeleton (Tar:7)
  14 harpies
  2 necromancers
  9 orc knights
  24 ironbound convokers
  A jorogumo zombie (Crypt:2)
  A fenstrider witch simulacrum (Tomb:3)
  6 phantasmal warriors
  27 deep elf zephyrmancers
  19 wolf spiders
  An iron dragon zombie (Tar:7)
  10 cyclopes
  9 fauns
  A spectral fire dragon (Tar:1)
  4 manticores
  39 ugly things
  A salamander (Depths:1)
  2 oklob plants
  5 orc sorcerers
  4 meliai
  14 moths of wrath
  4 merfolk sirens (Shoals:4)
  4 shining eyes
  A will-o-the-wisp (Abyss:4)
  17 elephants
  A spectral centaur (Tar:2)
  A meliai (shapeshifter) (Lair:5)
  A goliath frog skeleton (Crypt:1)
  2 kobold blastminers (Orc:1)
  3 black mambas
  3 water nymphs
  A guardian serpent (shapeshifter) (Vaults:5)
  7 rust devils
  5 guardian serpents
  A dire elephant zombie (Abyss:3)
  8 eyes of devastation
  21 vault sentinels
  12 molten gargoyles
  An ice statue (Coc:7)
  35 large abominations
  2 gargoyles
  2 titan simulacra (Coc:1)
  5 torpor snails
  11 cane toads
  35 orange demons
  A shock serpent skeleton (Crypt:3)
  2 unseen horrors
  5 efreet
  58 smoke demons
  A centaur skeleton (Tomb:2)
  7 anaconda simulacra
  42 tormentors
  A bunyip simulacrum (Coc:1)
  6 tengu conjurers
  An orb spider zombie (Crypt:3)
  9 komodo dragons
  43 guardian mummies
  4 freezing wraiths
  8 iron giant simulacra
  A black draconian skeleton (Crypt:2)
  3 ice devils (Pan)
  37 hellions
  A komodo dragon (shapeshifter) (Vaults:3)
  2 spectral harpies
  25 yaktaurs
  An iron troll skeleton (Crypt:1)
  3 ancient zymes
  A yellow draconian skeleton (Crypt:3)
  3 silent spectres
  An unseen horror skeleton (Crypt:3)
  6 trolls
  19 merfolk
  A queen bee (D:10)
  14 red devils
  6 hornets
  A troll (shapeshifter) (Elf:2)
  3 harpy skeletons
  24 hellwings
  A polar bear (Lair:1)
  A polar bear (shapeshifter) (Vaults:5)
  A shadow dragon simulacrum (Coc:1)
  2 wind drakes
  10 blink frogs (Lair:5)
  3 ettin zombies
  A sun moth zombie (Crypt:1)
  14 tarantellas
  63 saltlings
  6 glass eyes
  5 raiju
  9 snapping turtles
  2 iron dragon simulacra
  4 stone giant simulacra
  A moth of wrath zombie (Crypt:2)
  A radroach zombie (Crypt:1)
  8 dream sheep
  A guardian serpent skeleton (Crypt:3)
  23 jumping spiders
  2 centaur simulacra (Coc:1)
  126 slime creatures
  51 yaks
  6 spriggans
  A naga simulacrum (Coc:5)
  16 culicivoras
  A wyvern (Lair:3)
  3 wraiths
  2 shadows
  An ettin skeleton (Tomb:1)
  2 air elementals
  23 ushabtiu
  8 dire elephant simulacra
  2 fire elementals
  14 humans
  6 water elementals
  36 ynoxinuls
  A black mamba skeleton (Crypt:1)
  11 basilisks
  40 redbacks
  15 golden eyes
  2 wargs
  A steam dragon (D:10)
  7 vampire mosquitoes
  26 chaos spawn
  24 starcursed masses
  12 small abominations
  2 naga zombies
  22 neqoxecs
  13 harpy simulacra
  A merfolk zombie (Crypt:2)
  11 hell hounds
  19 water moccasins
  3 acid dragons
  4 hydra simulacra
  A fire dragon simulacrum (Crypt:1)
  33 orc warriors
  2 ice beasts
  A dream sheep zombie (Crypt:2)
  2 black bears
  A merfolk simulacrum (Crypt:1)
  A boggart (Vaults:4)
  46 laughing skulls
  6 ettin simulacra
  An ogre (shapeshifter) (Abyss:4)
  2 ogres
  19 wolves
  A swamp dragon skeleton (Crypt:2)
  A centaur (D:12)
  A phantom (D:4)
  A kobold brigand (D:7)
  An elf zombie (Crypt:1)
  7 bullfrogs
  2 brain worms (Abyss:4)
  4 necrophages
  An earth elemental (Elf:1)
  3 gnoll sergeants
  2 scorpions
  An elf skeleton (Crypt:2)
  4 wights
  2 swamp dragon simulacra
  11 killer bees
  2 nameless horrors
  An electric eel (Lair:3)
  4 howler monkeys
  A bombardier beetle (D:6)
  Crazy Yiuf (D:6)
  A hound (D:5)
  3 jellies (D:6)
  29 orc priests
  An iron imp (Abyss:4)
  2 human zombies (Crypt:1)
  Jessica (D:3)
  2 human skeletons (Crypt:1)
  A black bear skeleton (Crypt:1)
  4 hell rats (Lair:2)
  5 iguanas
  27 orc wizards
  A deep dwarf skeleton (Crypt:3)
  43 mummies
  7 gnolls
  16 adders
  A shadow imp (D:7)
  2 white imps
  3 ufetubi (D:6)
  6 dart slugs
  3 ribbon worms
  52 orcs
  11 bats
  5 endoplasms
  5 giant cockroaches
  10 goblins
  6 hobgoblins
  15 kobolds
  4 quokkas
  4 ball pythons
  2 endoplasm zombies
  A frilled lizard (D:1)
  A hobgoblin zombie (Crypt:1)
  A kobold skeleton (Crypt:2)
  A quokka zombie (Crypt:2)
  3 rats
  A rat skeleton (Crypt:2)
  7 aspiring fleshes
  2 creeping infernos
  2 fire vortices (Pan)
  5 starspawn tentacles (Abyss:3)
4178 creatures vanquished.

Vanquished Creatures (collateral kills)
  A royal mummy (Tomb:3)
  A red draconian (Zot:2)
  A hydra (Lair:3)
  Erolcha (D:11)
  2 merfolk avatars
  A merfolk aquamancer (Shoals:4)
  A boulder beetle (D:11)
  A satyr (Shoals:3)
  A two-headed ogre (D:10)
  A sun demon (Volcano)
  A sea snake (Shoals:4)
  A sun moth (Spider:2)
  8 orb spiders
  2 harpies (Shoals:3)
  2 cyclopes (Shoals:2)
  An orc sorcerer (Orc:2)
  4 wolf spiders
  A moth of wrath (Spider:4)
  2 elephants
  A meliai (Spider:3)
  2 black mambas (Lair:5)
  2 torpor snails
  3 cane toads
  3 komodo dragons
  Psyche (D:11)
  2 trolls
  2 merfolk
  4 tarantellas
  A snapping turtle (Shoals:4)
  A dream sheep (Shoals:3)
  8 jumping spiders
  11 yaks
  2 culicivoras
  A wyvern (Lair:4)
  2 wraiths (D:11)
  A basilisk (Lair:5)
  10 redbacks
  2 steam dragons
  An acid dragon (D:8)
  4 water moccasins
  A hell hound (Volcano)
  An orc warrior (Orc:2)
  A wolf (Lair:4)
  An ogre (Orc:2)
  A centaur (D:9)
  A bullfrog (Lair:1)
  2 wights (D:7)
  A jelly (D:7)
  4 howler monkeys (D:10)
  3 bombardier beetles
  A hound (D:7)
  4 orc priests
  5 orc wizards
  5 gnolls
  An adder (D:6)
  2 white imps
  18 orcs
  17 boulders
166 creatures vanquished.

Vanquished Creatures (others)
  A dread lich (Tar:7)
  An eldritch tentacle (Pan)
  A fire giant (Geh:4)
  A draconian scorcher (Zot:3)
  A shard shrike simulacrum (Coc:7)
  A demonspawn blood saint (Pan)
  A blizzard demon (Pan)
  A juggernaut simulacrum (Coc:7)
  A caustic shrike simulacrum (Coc:7)
  2 deep elf zephyrmancers
  A will-o-the-wisp (Abyss:3)
  2 smoke demons
  A merfolk (Shoals:4)
  An ancient zyme (Abyss:3)
  A jumping spider (Spider:1)
  A human (Zot:1)
  A starcursed mass (Abyss:3)
  A chaos spawn (Pan)
  An orc wizard (D:10)
  An orc (Orc:2)
  18 boulders
  16 fire vortices
  2 foxfires (Abyss:4)
  6 starspawn tentacles (Abyss:3)
  5 tentacles (Shoals:4)
69 creatures vanquished.

Grand Total: 4413 creatures vanquished

Notes
Turn   | Place    | Note
-------+----------+-------------------------------------------
     0 | D:1      | Midpoint the Gargoyle Ice Elementalist began the quest for
                  | the Orb.
     0 | D:1      | Reached XP level 1. HP: 10/10 MP: 3/3
   170 | D:1      | Reached XP level 2. HP: 16/16 MP: 3/5
   506 | D:1      | Found a faded altar of an unknown god.
   597 | D:1      | Reached skill level 1 in Fighting
   635 | D:1      | Reached XP level 3. HP: 20/20 MP: 2/6
   695 | D:1      | Learned a level 3 spell: Frozen Ramparts
  1230 | D:2      | Reached XP level 4. HP: 23/25 MP: 5/7
  1299 | D:2      | Learned a level 3 spell: Ozocubu's Armour
  1313 | D:2      | Reached skill level 5 in Ice Magic
  1518 | D:2      | Reached XP level 5. HP: 30/30 MP: 7/9
  2344 | D:3      | Learned a level 2 spell: Lesser Beckoning
  2376 | D:3      | Noticed Jessica
  2383 | D:3      | Killed Jessica
  2700 | D:4      | Noticed a black bear
  2723 | D:4      | Killed a black bear
  2724 | D:4      | Reached XP level 6. HP: 37/37 MP: 3/10
  2732 | D:4      | Reached skill level 1 in Translocations
  2844 | D:4      | Found a staircase to the Ecumenical Temple.
  2854 | Temple   | Entered the Ecumenical Temple
  2864 | Temple   | Became a worshipper of Zin the Law-Giver
  2864 | Temple   | Reached * piety under Zin
  3015 | D:4      | Learned a level 1 spell: Apportation
  3052 | D:4      | Found a shimmering blue altar of Sif Muna.
  3265 | D:4      | Reached XP level 7. HP: 25/41 MP: 4/12
  3329 | D:4      | Learned a level 3 spell: Summon Ice Beast
  3391 | D:5      | Entered Level 5 of the Dungeon
  3440 | D:5      | Reached skill level 1 in Invocations
  3492 | D:5      | Reached ** piety under Zin
  3738 | D:5      | Found a broken altar of Ashenzari.
  3790 | D:5      | Found an iron altar of Okawaru.
  3870 | D:5      | Identified the +3 war axe "Qinnoamy" {elec, rElec rPois
                  | rC++ MP-9}
  4170 | D:6      | Identified the +0 scale mail of Wisdom {Will+ Regen+ Int-4
                  | SInv}
  4227 | D:6      | Found a runed translucent door.
  4228 | D:6      | Noticed Crazy Yiuf
  4236 | D:6      | Killed Crazy Yiuf
  4371 | D:6      | Reached XP level 8. HP: 38/48 MP: 14/14
  4603 | D:6      | Reached skill level 5 in Fighting
  4612 | D:6      | Reached skill level 1 in Armour
  4634 | D:6      | Reached skill level 1 in Maces & Flails
  4786 | D:6      | Reached *** piety under Zin
  4858 | D:6      | Found a shimmering altar of Xom.
  4932 | D:6      | Found Jeobroj's Book Emporium.
  5191 | D:7      | Reached XP level 9. HP: 50/54 MP: 8/15
  5266 | D:7      | Noticed a hornet
  5276 | D:7      | Killed a hornet
  5634 | D:7      | Found an ornate altar of the Wu Jian Council.
  5634 | D:7      | Found a shadowy altar of Dithmenos.
  5760 | D:7      | Reached **** piety under Zin
  6502 | D:8      | Reached skill level 5 in Invocations
  6577 | D:8      | Reached skill level 5 in Maces & Flails
  6682 | D:8      | Reached skill level 1 in Shields
  6704 | D:8      | Reached ***** piety under Zin
  6794 | D:8      | Reached XP level 10. HP: 47/59 MP: 16/16
  6795 | D:8      | Found a staircase to the Lair.
  7594 | D:10     | Entered Level 10 of the Dungeon
  7674 | D:10     | Noticed VoidStrider's ghost (journeyman TeAE)
  7710 | D:10     | Noticed a two-headed ogre
  8202 | D:10     | Found Guoceurebo's Jewellery Boutique.
  8316 | D:10     | Found a transporter.
  8323 | D:10     | Found a basalt altar of Yredelemnul.
  8324 | D:10     | Found a stormy altar of Qazlal.
  8337 | D:10     | Found a transporter.
  8509 | Lair:1   | Entered Level 1 of the Lair of Beasts
  8548 | Lair:1   | Reached skill level 5 in Armour
  8598 | Lair:1   | Reached skill level 10 in Ice Magic
  8616 | Lair:1   | Reached XP level 11. HP: 63/63 MP: 13/17
  9059 | Lair:2   | Reached skill level 5 in Shields
  9270 | Lair:2   | Reached skill level 1 in Summonings
  9270 | Lair:2   | Reached skill level 1 in Evocations
  9313 | Lair:2   | Noticed a catoblepas
  9335 | Lair:3   | Noticed a six-headed hydra
  9347 | Lair:3   | Killed a six-headed hydra
  9352 | Lair:3   | Noticed Gastronok
  9512 | Lair:5   | Entered Level 5 of the Lair of Beasts
  9685 | Lair:4   | Reached ****** piety under Zin
  9706 | Lair:4   | Noticed a four-headed hydra
  9721 | Lair:4   | Killed a four-headed hydra
  9773 | Lair:4   | Reached XP level 12. HP: 68/68 MP: 14/18
  9784 | Lair:4   | Reached skill level 10 in Maces & Flails
 10132 | Lair:3   | Noticed a fire dragon
 10173 | Lair:3   | Killed a fire dragon
 10685 | Lair:3   | Noticed Urug
 10807 | Lair:5   | Noticed a five-headed hydra
 10819 | Lair:5   | Killed a five-headed hydra
 10838 | Lair:5   | Found a staircase to the Slime Pits.
 10963 | Lair:5   | Reached XP level 13. HP: 79/79 MP: 19/19
 10990 | Lair:5   | Found a viscous altar of Jiyva.
 12015 | Lair:2   | Found a hole to the Spider Nest.
 12256 | Lair:1   | You fall into a shaft and drop 1 floor!
 12474 | Lair:1   | Reached skill level 10 in Fighting
 12852 | D:11     | Noticed Erolcha
 12993 | D:11     | Killed Erolcha
 12994 | D:11     | Reached skill level 10 in Armour
 13008 | D:11     | Noticed Snorg
 13019 | D:11     | Killed Snorg
 13029 | D:11     | Got the Tome of the Coals
 13105 | D:11     | Noticed Josephine
 13120 | D:11     | Killed Josephine
 13121 | D:11     | Gained mutation: Your large and strong wings let you fly.
                  | [Gargoyle growth]
 13121 | D:11     | Reached XP level 14. HP: 88/88 MP: 14/20
 13508 | D:11     | Noticed Psyche
 13518 | D:11     | Killed Psyche
 13918 | D:11     | Found Cotiteux's Jewellery Emporium.
 14062 | D:11     | Found a staircase to the Orcish Mines.
 14962 | Orc:1    | Entered Level 1 of the Orcish Mines
 14973 | Orc:1    | Found a dark tunnel.
 15027 | Orc:1    | Reached XP level 15. HP: 84/92 MP: 21/21
 15041 | Volcano  | Entered a volcano
 15075 | Volcano  | Found a large runed translucent door.
 15077 | Volcano  | Found a large runed translucent door.
 15101 | Volcano  | Found a large runed translucent door.
 15101 | Volcano  | Found a large runed translucent door.
 15120 | Volcano  | Found a large runed translucent door.
 15120 | Volcano  | Found a large runed translucent door.
 15139 | Volcano  | Found a large runed translucent door.
 15139 | Volcano  | Found a large runed translucent door.
 15230 | Volcano  | Found a large runed translucent door.
 15230 | Volcano  | Found a large runed translucent door.
 15247 | Volcano  | Found a large runed translucent door.
 15247 | Volcano  | Found a large runed translucent door.
 15268 | Volcano  | Paralysed by an orc sorcerer for 3 turns
 15300 | Volcano  | Found a large runed translucent door.
 15300 | Volcano  | Found a large runed translucent door.
 15338 | Volcano  | Found a large runed translucent door.
 15338 | Volcano  | Found a large runed translucent door.
 15353 | Volcano  | Found a large runed translucent door.
 15353 | Volcano  | Found a large runed translucent door.
 15535 | D:11     | Bought the ring of Xudwuc {rC+++ rN+ MP+9 Int-2 Stlth+} for
                  | 1166 gold pieces
 16119 | Orc:2    | Entered Level 2 of the Orcish Mines
 16322 | Orc:2    | Found a staircase to the Elven Halls.
 16422 | Orc:2    | Noticed an orc warlord
 16458 | Orc:2    | Killed an orc warlord
 16657 | Orc:2    | Reached skill level 5 in Dodging
 16966 | Orc:2    | Reached skill level 10 in Invocations
 17027 | Orc:2    | Found Udweil's Antique Armour Emporium.
 17028 | Orc:2    | Found Laxt's Antique Weapon Emporium.
 17029 | Orc:2    | Found Ulynoawn's General Store.
 17029 | Orc:2    | Found Pytsubul's Jewellery Shoppe.
 17438 | Lair:3   | Killed Urug
 17657 | Shoals:1 | Entered Level 1 of the Shoals
 17728 | Shoals:1 | Found Ylirimn's Distillery.
 17737 | Shoals:1 | Bought a potion of degeneration for 16 gold pieces
 17802 | Shoals:1 | Reached skill level 5 in Spellcasting
 18030 | Shoals:1 | Got the Quarto of Force and Pyromania
 18041 | Shoals:1 | Learned a level 4 spell: Brom's Barrelling Boulder
 18307 | Shoals:1 | Reached skill level 1 in Earth Magic
 18307 | Shoals:1 | Reached XP level 16. HP: 80/99 MP: 23/23
 18319 | Shoals:1 | Reached skill level 1 in Conjurations
 19185 | Shoals:2 | Identified a scroll of acquirement
 20805 | Shoals:4 | Entered Level 4 of the Shoals
 20805 | Shoals:4 | Noticed Nikola
 21113 | Shoals:4 | HP: 5/100 [Nikola/arc of chain lightning (58)]
 21318 | Spider:1 | Entered Level 1 of the Spider Nest
 22887 | Spider:1 | Learned a level 3 spell: Stone Arrow
 22917 | Spider:1 | Reached skill level 15 in Maces & Flails
 23542 | Spider:1 | Reached skill level 5 in Earth Magic
 23791 | Spider:1 | Identified the +4 giant club "Jellybane" {flame, rElec rF-
                  | Int+5 Stlth+}
 23825 | Spider:1 | Identified the +1 glaive of Woselu {freeze, rPois rC-
                  | Int+3}
 24181 | Spider:2 | Reached XP level 17. HP: 75/106 MP: 25/25
 24388 | Spider:2 | Gained mutation: You possess an exceptional clarity of
                  | mind. [mutagenic glow]
 25035 | Spider:2 | Reached skill level 5 in Conjurations
 25295 | Spider:3 | Acquired 618 gold pieces
 26184 | Spider:3 | Noticed Larett's ghost (adept MiBe)
 26189 | Spider:3 | Found a runed translucent gate.
 26189 | Spider:3 | Found a runed translucent gate.
 26189 | Spider:3 | Found a runed translucent gate.
 26423 | Spider:4 | Entered Level 4 of the Spider Nest
 26757 | Spider:4 | Learned a level 3 spell: Passwall
 29591 | Spider:4 | Got a gossamer rune of Zot
 30105 | Shoals:3 | Reached XP level 18. HP: 98/113 MP: 27/27
 30362 | Shoals:4 | Killed Nikola
 31201 | Shoals:4 | Learned a level 3 spell: Hailstorm
 31443 | Shoals:4 | Identified the +9 longbow of Tenacity {heavy, rElec}
 31948 | Shoals:4 | Reached skill level 10 in Earth Magic
 32009 | Shoals:4 | Was placed under penance by Zin
 32081 | Shoals:4 | Got a barnacled rune of Zot
 32852 | Lair:5   | Reached skill level 15 in Armour
 32867 | Lair:5   | Identified the +4 flail "Guivvotu" {elec, +Blink rElec rC+}
 33304 | Lair:5   | Found a corrupted altar of Lugonu.
 33304 | Lair:5   | Found a one-way gate to the infinite horrors of the Abyss.
 33798 | D:12     | Was forgiven by Zin
 33853 | D:12     | Identified the +0 scale mail of Distant Worlds {Rampage
                  | Str-2 Int+4 Stlth+}
 34300 | D:13     | Found a sacrificial altar of Ru.
 34572 | D:13     | Found a gate to the Vaults.
 35084 | D:14     | Identified the +11 executioner's axe "Erhu Komes" {flame,
                  | +Blink MP+9 Int-3 SInv}
 35112 | D:14     | Noticed Agnes
 35125 | D:14     | Killed Agnes
 35273 | D:14     | Found a blossoming altar of Fedhas.
 35376 | D:14     | Learned a level 5 spell: Lee's Rapid Deconstruction
 35486 | D:15     | Entered Level 15 of the Dungeon
 35965 | D:15     | Found an ornate altar of the Wu Jian Council.
 36065 | D:15     | Found a staircase to the Depths.
 36291 | D:15     | Reached XP level 19. HP: 91/123 MP: 29/29
 36684 | D:10     | Killed VoidStrider's ghost
 36685 | D:10     | Reached skill level 15 in Fighting
 36857 | Vaults:1 | Entered Level 1 of the Vaults
 36949 | Vaults:1 | Identified the +1 short sword "Taasabb" {flame, rF+ Dex+5}
 37255 | Vaults:1 | Reached skill level 5 in Stealth
 37312 | Vaults:1 | Reached skill level 1 in Fire Magic
 37420 | Vaults:1 | You are sucked into a shaft and drop 1 floor!
 37788 | Vaults:2 | Found Faklonaqe's General Store.
 37846 | Vaults:2 | Reached skill level 5 in Fire Magic
 39026 | Vaults:1 | Reached XP level 20. HP: 130/130 MP: 32/32
 39071 | Vaults:1 | Found Acuvar's Book Emporium.
 39071 | Vaults:1 | Found Urchut's Book Emporium.
 39096 | Vaults:1 | Found Reicwa's Jewellery Emporium.
 39131 | Vaults:1 | Bought a book of the Earth for 360 gold pieces
 39138 | Vaults:1 | Learned a level 6 spell: Bombard
 39525 | Vaults:2 | Found a staircase to the Crypt.
 39784 | Vaults:2 | Identified the +7 rapier of Painful Death {drain, +Blink
                  | Stlth+}
 40234 | Vaults:3 | Found a crumbling gateway.
 40274 | Desolati | Entered the Desolation of Salt
 41030 | Desolati | Got Ogubeen's Vellum of Burning and the Tektite
 41595 | Desolati | Identified the +10 spear "Killer Klown's Curse" {antimagic,
                  | rC+}
 41650 | Desolati | Reached skill level 10 in Conjurations
 41735 | Desolati | Identified the ring of Relativism {rN+ MP-9 Str+7 SInv
                  | Stlth+}
 41796 | Desolati | Found the +5 demon whip "Spellbinder" {antimagic, disrupt,
                  | Will+}
 41797 | Desolati | Identified the ring of Fusigab {Will+ EV+5 Str+3 Dex+4
                  | Slay+2}
 41825 | Desolati | Identified the +8 plate armour of Integrity {Fly MP+9}
 41927 | Desolati | Got Jeed's Volume of Searing Exhalation
 42136 | Vaults:3 | Reached XP level 21. HP: 135/136 MP: 34/34
 42483 | Vaults:3 | Found Qaumoet's Weapon Boutique.
 42518 | Vaults:3 | Bought the +10 morningstar "Eos" {elec, Halo rElec} for
                  | 1480 gold pieces
 42518 | Vaults:3 | Found the +10 morningstar "Eos" {elec, Halo rElec}
 43311 | Vaults:3 | Identified the +1 battleaxe "Jept" {heavy, rF+ MP+9} (You
                  | found it on level 3 of the Vaults)
 43651 | Vaults:4 | Reached skill level 10 in Spellcasting
 44582 | Vaults:5 | Entered Level 5 of the Vaults
 44639 | Vaults:4 | Reached skill level 10 in Shields
 44640 | Vaults:4 | Reached skill level 15 in Earth Magic
 44644 | Vaults:4 | Reached XP level 22. HP: 89/143 MP: 36/36
 44801 | Vaults:4 | Reached skill level 15 in Invocations
 44919 | Vaults:5 | Noticed a golden dragon
 45451 | Vaults:5 | Killed a golden dragon
 45840 | Vaults:5 | Identified the staff of Accidental Termination {rPois Str+2
                  | Alchemy}
 45866 | Vaults:5 | Found the macabre finger necklace {Finger+ rN+}
 45888 | Vaults:5 | Identified the +0 acid dragon scales of the Butterfly
                  | {rCorr Str+3 Dex-5 SInv}
 46552 | Vaults:5 | Reached XP level 23. HP: 148/148 MP: 37/37
 46591 | Vaults:5 | Noticed a golden dragon
 46613 | Vaults:5 | Killed a golden dragon
 46677 | Vaults:5 | Got a silver rune of Zot
 47287 | Elf:1    | Entered Level 1 of the Elven Halls
 47371 | Elf:1    | Paralysed by an air elemental for 1 turns
 47797 | Elf:2    | Reached skill level 15 in Shields
 47822 | Elf:2    | Found a runed translucent gate.
 47822 | Elf:2    | Found a runed translucent gate.
 47823 | Elf:2    | Found a runed translucent gate.
 48286 | Elf:3    | Entered Level 3 of the Elven Halls
 48933 | Elf:3    | Identified the +8 scimitar "Ankomejaa" {protect, rN++ Will-
                  | Str+3} (You took it off a deep elf demonologist on level 3
                  | of the Elven Halls)
 48933 | Elf:3    | Identified the amulet "Ydeab" {Acrobat ^Drain rF++ Str+6}
                  | (You took it off a deep elf demonologist on level 3 of the
                  | Elven Halls)
 48956 | Elf:3    | Identified the +1 scale mail "Cukih" {rC+}
 48970 | Elf:3    | Found the +6 lightning scales {swift, rElec}
 48978 | Elf:3    | Got a shimmering gem with 187 turns to spare
 48994 | Elf:3    | Got the Folio of the Fairies and the Door
 48994 | Elf:3    | Got the Lessons on Arenous Striking
 48994 | Elf:3    | Got the Tome of the Crater
 48997 | Elf:3    | Identified the staff of Iclosav {rF+ rCorr Dex+3 Stlth+
                  | Fire}
 49006 | Elf:3    | Identified the +3 quarterstaff "Zikkaud" {pain, +Blink Fly}
 49010 | Elf:3    | Identified the +6 shortbow of Hitesk {speed, rElec}
 49013 | Elf:3    | Identified the +6 shortbow "Maxzedaa" {heavy, rF+ rCorr
                  | Dex+5}
 49022 | Elf:3    | Identified the +8 spear of Ruination {elec, Int+2}
 49023 | Elf:3    | Identified the +8 spear of the Crushed Friars {holy, Dex+5}
 49025 | Elf:3    | Identified the +3 dagger of Dishonour {protect, Str+3 Int+3
                  | Stlth+}
 49637 | Elf:2    | Found a shimmering blue altar of Sif Muna.
 49642 | Elf:2    | Got the Commentary on Elliptic Freezing
 50172 | Elf:2    | Reached XP level 24. HP: 154/154 MP: 16/37
 50633 | Elf:1    | Noticed Roxanne
 50638 | Elf:1    | Killed Roxanne
 50747 | Orc:2    | Bought a potion of curing for 42 gold pieces
 50747 | Orc:2    | Bought a scroll of teleportation for 42 gold pieces
 50747 | Orc:2    | Bought a scroll of blinking for 105 gold pieces
 50997 | Vaults:1 | Bought a book of Minor Magic for 160 gold pieces
 51000 | Vaults:1 | Learned a level 2 spell: Blink
 51055 | Crypt:1  | Entered Level 1 of the Crypt
 51327 | Crypt:3  | Entered Level 3 of the Crypt
 52267 | Crypt:3  | Found a basalt altar of Yredelemnul.
 52269 | Crypt:3  | Found an ancient bone altar of Kikubaaqudgha.
 52288 | Crypt:3  | Identified the staff of Copt {*Corrode rElec Will+ Int+3
                  | Necro Air}
 52293 | Crypt:3  | Identified the ring of Suanu {rC+ Str+6 SInv}
 52310 | Crypt:3  | Got an ivory gem with 649 turns to spare
 52342 | Crypt:3  | Identified the +5 trident "Hell-Harrower" {flame, rC- rN++
                  | Dex+4}
 52560 | Crypt:3  | Found a staircase to the Tomb.
 52939 | Crypt:2  | Identified the +9 lajatang of Dekenul {drain, *Corrode
                  | Will+ Int+5}
 53187 | Crypt:1  | Found an ancient bone altar of Kikubaaqudgha.
 53810 | Vaults:2 | Learned a level 6 spell: Starburst
 54136 | Slime:1  | Entered Level 1 of the Pits of Slime
 54521 | Slime:1  | Reached XP level 25. HP: 77/161 MP: 8/38
 54568 | Slime:1  | Found a viscous altar of Jiyva.
 55083 | Slime:3  | Reached skill level 10 in Fire Magic
 55810 | Slime:5  | Entered Level 5 of the Pits of Slime
 56203 | Slime:5  | Noticed the Royal Jelly
 56391 | Slime:5  | Found a viscous altar of Jiyva.
 56395 | Slime:5  | Found the +10 tower shield of Ignorance {rN+ Int-4}
 56481 | Slime:5  | Killed the Royal Jelly
 56595 | Slime:5  | Got a slimy rune of Zot
 56596 | Slime:5  | Identified the amulet of Temptation {Faith Int+2}
 56597 | Slime:5  | Identified the +1 dagger of the Lost Friends {venom, Dex+2}
 56685 | Slime:5  | Identified the staff of the Ship {+Blink rElec Str+4 Int-3
                  | Air}
 56825 | Slime:5  | Acquired 765 gold pieces
 57433 | Depths:1 | Entered Level 1 of the Depths
 57907 | Depths:4 | Entered Level 4 of the Depths
 58274 | Depths:4 | Reached XP level 26. HP: 163/169 MP: 36/39
 58473 | Depths:4 | Found a gate to the Realm of Zot.
 58476 | Depths:4 | Got a midnight gem with 2028 turns to spare
 58601 | Depths:4 | Found a one-way gateway to a ziggurat.
 58627 | Depths:4 | Found a gateway to Hell.
 58967 | Depths:3 | Found an ancient bone altar of Kikubaaqudgha.
 59269 | Depths:2 | Noticed Vv
 59289 | Depths:2 | Killed Vv
 59324 | Depths:2 | Found a one-way gate leading to the halls of Pandemonium.
 59368 | Depths:1 | Found a broken altar of Ashenzari.
 59509 | Depths:2 | Found Romp's Distillery.
 59509 | Depths:2 | Found Masutib's General Store.
 59510 | Depths:2 | Found Xozaliax's Antique Weapon Shoppe.
 59512 | Depths:2 | Found Kegheek's Assorted Antiques.
 59530 | Depths:2 | Bought a scroll of teleportation for 63 gold pieces
 59530 | Depths:2 | Bought a scroll of teleportation for 63 gold pieces
 59530 | Depths:2 | Bought a scroll of blinking for 157 gold pieces
 59534 | Depths:2 | Bought a potion of heal wounds for 120 gold pieces
 59534 | Depths:2 | Bought a potion of haste for 240 gold pieces
 59534 | Depths:2 | Bought 2 potions of haste for 480 gold pieces
 59950 | Depths:2 | Found the -2 hat of the Alchemist {rElec rPois rF+ rC+ rN+
                  | Will+ rMut rCorr}
 59960 | Depths:2 | Identified the +5 falchion "Higijuj" {venom, Fly rPois
                  | Dex+3 Stlth-}
 60444 | Depths:1 | Found a bloodstained altar of Trog.
 60520 | Depths:1 | Noticed the Enchantress
 60525 | Depths:1 | Killed the Enchantress
 61560 | Zot:1    | Entered Level 1 of the Realm of Zot
 61657 | Depths:3 | Voluntarily entered the Abyss.
 61911 | Abyss:3  | Paralysed by accursed screaming for 1 turns
 62010 | Abyss:3  | Paralysed by accursed screaming for 1 turns
 62023 | Abyss:3  | Paralysed by accursed screaming for 2 turns
 62047 | Abyss:3  | Got an abyssal rune of Zot
 62051 | Abyss:3  | Reached XP level 27. HP: 50/177 MP: 35/39
 62094 | Abyss:4  | Found a corrupted altar of Lugonu.
 62127 | Abyss:4  | Reached skill level 15 in Fire Magic
 62331 | Abyss:4  | Paralysed by an air elemental for 1 turns
 62358 | Abyss:4  | Identified the +1 cloak of Conkenn {rF++}
 62361 | Depths:3 | Escaped the Abyss
 62392 | Depths:3 | Learned a level 4 spell: Passage of Golubria
 63188 | Zot:2    | You are sucked into a shaft and drop 1 floor!
 63351 | Zot:5    | Entered Level 5 of the Realm of Zot
 63369 | Zot:3    | Noticed Grunn
 63420 | Zot:3    | Reached skill level 5 in Translocations
 63542 | Zot:3    | Learned a level 9 spell: Shatter
 63584 | Zot:3    | Identified the +3 long sword of Hospitality {freeze, rElec
                  | rF+ rC+ Will-}
 63636 | Zot:3    | Killed Grunn
 63889 | Zot:3    | Found the +4 robe of Folly {Brill Will-∞ Int+8}
 65815 | Zot:5    | Noticed a dread lich
 65815 | Zot:5    | Noticed an ancient lich
 65842 | Zot:5    | Killed an ancient lich
 65849 | Zot:5    | Killed a dread lich
 66094 | Zot:5    | Noticed an ancient lich
 66096 | Zot:5    | Noticed an orb of fire
 66100 | Zot:5    | Noticed an ancient lich
 66228 | Zot:5    | Killed an ancient lich
 66339 | Zot:5    | Noticed an ancient lich
 66346 | Zot:5    | Killed an ancient lich
 66356 | Zot:5    | Killed an ancient lich
 66496 | Zot:5    | Noticed an orb of fire
 66504 | Zot:5    | Killed an orb of fire
 66524 | Zot:5    | Killed an orb of fire
 66688 | Zot:5    | Noticed a dread lich
 66704 | Zot:5    | Killed a dread lich
 66735 | Zot:5    | Noticed a dread lich
 66738 | Zot:5    | Killed a dread lich
 66835 | Zot:5    | Noticed a dread lich
 66841 | Zot:5    | Noticed a dread lich
 66847 | Zot:5    | Killed a dread lich
 66859 | Zot:5    | Killed a dread lich
 67837 | Depths:2 | Bought a wand of roots (4) for 201 gold pieces
 67841 | Depths:2 | Bought a potion of curing for 63 gold pieces
 67844 | Depths:2 | Bought 2 potions of cancellation for 384 gold pieces
 67844 | Depths:2 | Bought a potion of curing for 72 gold pieces
 67844 | Depths:2 | Bought a potion of curing for 72 gold pieces
 67861 | Pan      | Entered Pandemonium
 67866 | Pan      | Noticed Vuavokij the pandemonium lord
 67868 | Pan      | Noticed Mennas
 68129 | Pan      | Reached skill level 1 in Throwing
 68252 | Pan      | Entered the realm of Mnoleg.
 68527 | Pan      | Noticed Mnoleg
 68537 | Pan      | Got a glowing rune of Zot
 68573 | Pan      | Reached skill level 5 in Evocations
 68599 | Pan      | Identified the +6 scale mail of Rotini {rElec Int+2}
 68601 | Pan      | Entered the realm of Gloorx Vloq.
 68978 | Pan      | Noticed Gloorx Vloq
 68990 | Pan      | Got a dark rune of Zot
 69006 | Pan      | Killed Gloorx Vloq
 69136 | Pan      | Entered the realm of Cerebov.
 69247 | Pan      | Noticed Mennas
 69299 | Pan      | Killed Mennas
 69443 | Pan      | Identified the staff "Midpoint's Doom" {rF+ Int+6 SInv
                  | Fire}
 69605 | Pan      | Identified the +4 flail "Beastbane" {antimagic, rElec rPois
                  | rC- rN+}
 69609 | Pan      | Identified the +9 dagger of Malum Prohibitum {vamp, Will+}
 69611 | Pan      | Identified the +6 mace of Ziemuuvuwk {freeze, rN+ Dex+2}
 69648 | Pan      | Identified the +1 chain mail "Kuerr" {Fly rElec rC+ Int+2}
 69693 | Pan      | Reached skill level 5 in Throwing
 69935 | Pan      | Identified the +5 scale mail "Xeddian" {Regen+ Int+3}
 70214 | Pan      | Identified the staff of a volcano {rElec rC+ Str-2 Hexes
                  | Ice}
 70456 | Pan      | Found the +6 sword of Cerebov {flame}
 70456 | Pan      | Noticed Cerebov
 70509 | Pan      | Killed Cerebov
 70526 | Pan      | Identified the +10 great sword of Ucessor {elec, rN+}
 70528 | Pan      | Identified the +0 helmet of the Loofah {rN+ Str+4}
 70593 | Pan      | Got a fiery rune of Zot
 70764 | Pan      | Noticed Ignacio
 70834 | Pan      | Noticed Mnoleg
 70883 | Pan      | Killed Mnoleg
 71007 | Pan      | Killed Ignacio
 71041 | Pan      | Noticed Ceem the pandemonium lord
 71051 | Pan      | Killed Ceem the pandemonium lord
 71058 | Pan      | Found an exit through the horrors of the Abyss.
 71219 | Pan      | Got Sif Muna's Disquisition on the Deathly Ouroboros
 71389 | Pan      | Entered the realm of Lom Lobon.
 71723 | Pan      | Noticed Lom Lobon
 71761 | Pan      | Killed Lom Lobon
 71901 | Pan      | Got a magical rune of Zot
 72100 | Pan      | Found an exit through the horrors of the Abyss.
 72260 | Pan      | Found a transporter.
 72273 | Pan      | Found a transporter.
 72563 | Pan      | Noticed Umapp the pandemonium lord
 72578 | Pan      | Killed Umapp the pandemonium lord
 72761 | Pan      | Noticed Viunaryi the pandemonium lord
 72836 | Pan      | Killed Viunaryi the pandemonium lord
 73101 | Pan      | Noticed Geneyc the pandemonium lord
 73130 | Pan      | Found an exit through the horrors of the Abyss.
 73628 | Pan      | Identified the +3 leather armour of the True Pharaoh {*Slow
                  | Fly rN++ MP+9}
 73658 | Pan      | Noticed Cyn Xotie the pandemonium lord
 73719 | Pan      | Found an exit through the horrors of the Abyss.
 73941 | Pan      | Killed Cyn Xotie the pandemonium lord
 74079 | Pan      | Noticed Zeasuec the pandemonium lord
 74094 | Pan      | Killed Zeasuec the pandemonium lord
 74123 | Pan      | Noticed Kuce the pandemonium lord
 74132 | Pan      | Killed Kuce the pandemonium lord
 74267 | Pan      | Reached skill level 15 in Conjurations
 74293 | Pan      | Noticed Bagaegg the pandemonium lord
 74317 | Pan      | Killed Bagaegg the pandemonium lord
 74402 | Pan      | Identified the +0 ring mail of Nonaf {-Cast rElec rPois
                  | Dex+4}
 74654 | Pan      | Found an exit through the horrors of the Abyss.
 74713 | Pan      | Noticed Faghevit the pandemonium lord
 74721 | Pan      | Killed Faghevit the pandemonium lord
 74773 | Pan      | Acquired 1088 gold pieces
 74894 | Pan      | Noticed Pakepnick the pandemonium lord
 74924 | Pan      | Killed Pakepnick the pandemonium lord
 74966 | Pan      | Found an exit through the horrors of the Abyss.
 75277 | Pan      | Noticed Tuciug the pandemonium lord
 75285 | Abyss:4  | Cast into level 4 of the Abyss (Tuciug)
 75293 | Pan      | Escaped the Abyss
 75493 | Pan      | Found an exit through the horrors of the Abyss.
 75508 | Pan      | Noticed Puyqomn the pandemonium lord
 75514 | Pan      | Killed Puyqomn the pandemonium lord
 75618 | Pan      | Reached skill level 15 in Spellcasting
 75900 | Pan      | Found an exit through the horrors of the Abyss.
 75934 | Pan      | Noticed Cojyo the pandemonium lord
 75960 | Pan      | Killed Cojyo the pandemonium lord
 76257 | Pan      | Found an exit through the horrors of the Abyss.
 76313 | Pan      | Noticed Osmiurum the pandemonium lord
 76328 | Pan      | Killed Osmiurum the pandemonium lord
 76451 | Pan      | Noticed Caafagh the pandemonium lord
 76460 | Pan      | Killed Caafagh the pandemonium lord
 76461 | Pan      | Reached skill level 27 in Invocations
 76598 | Pan      | Found a transporter.
 76644 | Pan      | Found a transporter.
 76713 | Pan      | Found an exit through the horrors of the Abyss.
 77181 | Pan      | Identified the ring of Effeiwn {Int+3 Slay+4}
 77199 | Pan      | Identified the ring "Hujunnum" {rN+ MP+9 Str+2}
 77543 | Pan      | Noticed Tyfynufi the pandemonium lord
 77562 | Pan      | Killed Tyfynufi the pandemonium lord
 77692 | Pan      | Found an exit through the horrors of the Abyss.
 77847 | Pan      | Found an exit through the horrors of the Abyss.
 77878 | Pan      | Noticed Cysh the pandemonium lord
 77889 | Pan      | Killed Cysh the pandemonium lord
 78014 | Pan      | Got a demonic rune of Zot
 78055 | Pan      | Took an exit into the Abyss.
 78055 | Abyss:4  | Escaped into the Abyss
 78080 | Depths:2 | Escaped the Abyss
 78127 | Hell     | Entered the Vestibule of Hell
 78127 | Hell     | Noticed Geryon
 78151 | Hell     | Killed Geryon
 78181 | Hell     | Found a gateway to the ashen valley of Gehenna.
 78301 | Hell     | Found a gateway to the freezing wastes of Cocytus.
 78390 | Hell     | Found a gateway to the decaying netherworld of Tartarus.
 78411 | Hell     | Learned a level 8 spell: Ignition
 78515 | Hell     | Found a gateway to the Iron City of Dis.
 78772 | Tar:1    | Entered Level 1 of Tartarus
 78786 | Tar:1    | Noticed a royal mummy
 78786 | Tar:1    | Noticed a dread lich
 78794 | Tar:1    | Killed a dread lich
 78796 | Tar:1    | Killed a royal mummy
 78798 | Tar:1    | Noticed an ancient lich
 78808 | Tar:1    | Killed an ancient lich
 79208 | Tar:3    | You are sucked into a shaft and drop 1 floor!
 79809 | Tar:7    | Entered Level 7 of Tartarus
 79925 | Tar:7    | Noticed an ancient lich
 79929 | Tar:7    | Killed an ancient lich
 79952 | Tar:7    | Noticed a dread lich
 79956 | Tar:7    | Paralysed by something for 3 turns
 79960 | Tar:7    | Killed a dread lich
 79983 | Tar:7    | Identified the +12 scimitar of Ravage {venom, rElec}
 80000 | Tar:7    | Got Sif Muna's Cyclopedia of the Tincture and Embers
 80097 | Tar:7    | Noticed an ancient lich
 80103 | Tar:7    | Killed an ancient lich
 80302 | Tar:7    | Identified the +3 sling of Intuition {drain, rPois rC+
                  | Int+3}
 80441 | Tar:7    | Identified the +2 buckler of the Dice {rPois Int+3 Stlth-}
 80449 | Tar:7    | Identified the +7 hand axe of Context {venom, *Noise rCorr
                  | Str+2}
 80644 | Tar:7    | Noticed a dread lich
 80651 | Tar:7    | Killed a dread lich
 80789 | Tar:7    | Got a bone rune of Zot
 80963 | Tar:7    | Identified the ring of Kiukhall {Fire Will+ Slay+5}
 80965 | Tar:7    | Identified the +0 cloak of Wonder {Int+2}
 80967 | Tar:7    | Identified the +2 hand axe of Pofehic {speed, Will+ Dex+4}
 81105 | Hell     | Learned a level 7 spell: Orb of Destruction
 81111 | Geh:1    | Entered Level 1 of Gehenna
 81117 | Geh:2    | Noticed a dread lich
 81117 | Geh:2    | Noticed an ancient lich
 81117 | Geh:2    | Noticed a dread lich
 81117 | Geh:2    | Noticed a dread lich
 81117 | Geh:2    | Noticed a dread lich
 81121 | Geh:2    | Killed a dread lich
 81121 | Geh:2    | Killed a dread lich
 81122 | Geh:2    | Killed an ancient lich
 81122 | Geh:2    | Killed a dread lich
 81123 | Geh:2    | Killed a dread lich
 81878 | Geh:5    | You are sucked into a shaft and drop 1 floor!
 82076 | Geh:7    | Entered Level 7 of Gehenna
 82530 | Geh:7    | Found the +13 sceptre of Asmodeus
 82530 | Geh:7    | Noticed Asmodeus
 82695 | Geh:7    | Identified the amulet "Kienef" {rElec Regen+ Stlth+}
 82759 | Geh:7    | Killed Asmodeus
 83090 | Geh:7    | Identified the +0 pair of gloves of the Sea {Rampage MP+9
                  | Str+3 Int-4}
 83093 | Geh:7    | Got an obsidian rune of Zot
 83145 | Geh:7    | Identified the +4 dire flail "Bezuschio" {heavy, rPois
                  | Will+}
 83220 | Coc:1    | Entered Level 1 of Cocytus
 83709 | Coc:5    | Noticed a dread lich
 83733 | Coc:5    | Paralysed by a dread lich for 4 turns
 83737 | Coc:5    | Killed a dread lich
 84027 | Coc:6    | Reached skill level 27 in Shields
 84053 | Coc:7    | Entered Level 7 of Cocytus
 84080 | Coc:7    | Paralysed by a wendigo for 1 turns
 84184 | Coc:7    | Noticed the Serpent of Hell
 84195 | Coc:7    | Killed the Serpent of Hell
 84267 | Coc:7    | Reached skill level 10 in Evocations
 84279 | Coc:7    | Paralysed by a wendigo for 1 turns
 84609 | Coc:7    | Learned a level 9 spell: Fire Storm
 84639 | Coc:7    | Paralysed by a wendigo for 1 turns
 84783 | Coc:7    | Noticed Antaeus
 84825 | Coc:7    | Killed Antaeus
 84858 | Coc:7    | Got an icy rune of Zot
 84932 | Dis:1    | Entered Level 1 of the Iron City of Dis
 85183 | Dis:2    | Noticed an ancient lich
 85200 | Dis:2    | Killed an ancient lich
 85239 | Dis:3    | Noticed a juggernaut
 85242 | Dis:3    | Killed a juggernaut
 85616 | Dis:7    | Entered Level 7 of the Iron City of Dis
 87328 | Dis:7    | Found the ring of the Tortoise {AC+8}
 87362 | Dis:7    | Identified the staff of Embarrassment {rC+ SInv Conj Ice}
 87439 | Dis:7    | Noticed Dispater
 87446 | Dis:7    | Killed Dispater
 87456 | Dis:7    | Identified the +21 crystal plate armour of Qiprec {rF+ rN+}
 87492 | Dis:7    | Got an iron rune of Zot
 88028 | Tomb:1   | Entered Level 1 of the Tomb of the Ancients
 88404 | Tomb:1   | Noticed a royal mummy
 88414 | Tomb:1   | Killed a royal mummy
 88414 | Tomb:1   | Noticed a royal mummy
 88420 | Tomb:1   | Killed a royal mummy
 88421 | Tomb:1   | Noticed a royal mummy
 88428 | Tomb:1   | Noticed a royal mummy
 88430 | Tomb:1   | Killed a royal mummy
 88440 | Tomb:1   | Killed a royal mummy
 88608 | Tomb:1   | Identified the ring "Wiocremm" {rN+ Str+2}
 88867 | Tomb:1   | Noticed a royal mummy
 88882 | Tomb:1   | Killed a royal mummy
 88979 | Tomb:1   | Noticed a royal mummy
 88984 | Tomb:1   | Killed a royal mummy
 89000 | Tomb:1   | Noticed a royal mummy
 89015 | Tomb:1   | Killed a royal mummy
 89061 | Tomb:1   | Noticed a royal mummy
 89074 | Tomb:1   | Killed a royal mummy
 89114 | Tomb:1   | Noticed a royal mummy
 89119 | Tomb:1   | Killed a royal mummy
 89130 | Tomb:1   | Noticed a royal mummy
 89137 | Tomb:1   | Killed a royal mummy
 89182 | Tomb:1   | Noticed a royal mummy
 89187 | Tomb:1   | Killed a royal mummy
 89195 | Tomb:1   | Noticed a royal mummy
 89209 | Tomb:1   | Killed a royal mummy
 89254 | Tomb:1   | Noticed a royal mummy
 89262 | Tomb:1   | Killed a royal mummy
 89264 | Tomb:1   | Noticed a royal mummy
 89270 | Tomb:1   | Noticed a royal mummy
 89271 | Tomb:1   | Killed a royal mummy
 89292 | Tomb:1   | Killed a royal mummy
 89295 | Tomb:1   | Noticed a royal mummy
 89309 | Tomb:1   | Noticed a royal mummy
 89311 | Tomb:1   | Killed a royal mummy
 89312 | Tomb:1   | Reached skill level 10 in Dodging
 89327 | Tomb:1   | Killed a royal mummy
 89472 | Tomb:2   | Noticed a royal mummy
 89472 | Tomb:2   | Noticed a royal mummy
 89472 | Tomb:2   | Noticed a royal mummy
 89572 | Tomb:3   | Entered Level 3 of the Tomb of the Ancients
 89589 | Tomb:3   | Noticed a royal mummy
 89591 | Tomb:3   | Noticed a royal mummy
 89608 | Tomb:3   | Killed a royal mummy
 89609 | Tomb:3   | Killed a royal mummy
 89628 | Tomb:3   | Noticed a royal mummy
 89731 | Tomb:3   | Noticed a royal mummy
 89731 | Tomb:3   | Noticed a royal mummy
 89734 | Tomb:3   | Killed a royal mummy
 89736 | Tomb:3   | Killed a royal mummy
 89739 | Tomb:3   | Noticed a royal mummy
 89740 | Tomb:3   | Killed a royal mummy
 89831 | Tomb:3   | Noticed a royal mummy
 89835 | Tomb:3   | Killed a royal mummy
 89836 | Tomb:3   | Killed a royal mummy
 89879 | Tomb:3   | Identified the +8 pearl dragon scales "Afoqodd" {rC+ rN+
                  | Stlth+}
 89896 | Tomb:3   | Found the +8 whip "Snakebite" {venom, curare, rPois}
 89904 | Tomb:3   | Identified the +1 buckler "Cuyf" {+Blink Regen+ Dex-5}
 89927 | Tomb:3   | Identified the +4 scimitar of the Wary Heavens {drain,
                  | +Blink rElec Int+3}
 89968 | Tomb:3   | Identified the ring of Fiomojek {Wiz rC- rN+++ Dex+3
                  | Stlth+}
 89974 | Tomb:3   | Identified the +5 whip of Jeapp {drain, Int+3}
 89987 | Tomb:3   | Identified the +3 hand axe of Ekokh {elec, Int+3 SInv}
 90022 | Tomb:3   | Found the +7 hand cannon "Mule" {flame, backblast, rF+}
 90228 | Tomb:3   | Noticed a royal mummy
 90228 | Tomb:3   | Noticed a royal mummy
 90233 | Tomb:3   | Killed a royal mummy
 90234 | Tomb:3   | Killed a royal mummy
 90252 | Tomb:3   | Got a golden rune of Zot
 91012 | Zot:5    | Got the Orb of Zot
 91041 | Zot:5    | Noticed Ixitt the pandemonium lord
 91068 | Zot:5    | Killed Ixitt the pandemonium lord
 91164 | Zot:1    | Reached skill level 10 in Stealth
 91636 | D:$      | Escaped with the Orb!

Illustrated notes

Levels and vault maps discovered:
D:1:      minmay_arrival_five_plusses, layout_basic,
          ebering_ecumenical_altar_box
D:2:      minmay_thinvault, layout_rooms
D:3:      layout_loops_ring, kennysheep_cluttered_room, nicolae_hexahallways,
          uniq_jessica
D:4:      layout_basic, led_sif_book, minmay_temple_entry_overgrown,
          sigmund_army
D:5:      layout_loops_cross, mainiacjoe_overflow_catch_the_wave
D:6:      layout_loops_ring, nicolae_overflow_hidden_temple, serial_shops,
          nicolae_shop_just_a_little_nook, st_stairs_5, minmay_circle_x,
          uniq_crazy_yiuf_cottage
D:7:      layout_basic, jmf_multi_god_temple
D:8:      layout_rooms, lair_entry_dummy, serial_glass, glass_columns_a,
          glass_columns_c
D:9:      layout_cross, chequers_serial_rivers_room_b
D:10:     minmay_flawed_box, layout_gridville, gammafunk_temple_overflow_statue,
          gammafunk_ghost_hive, serial_shops, nicolae_shop_trees
D:11:     layout_basic, orc_0_dummy, serial_shops, kennysheep_mini, uniq_psyche,
          uniq_snorg, uniq_erolcha, uniq_josephine
D:12:     layout_loops_corners
D:13:     layout_loops_ring, ximxim_vaults_locker_room, serial_glass,
          glass_columns_b, glass_columns_b, due_unseen_surprise,
          item_on_display_a, nicolae_ru_the_path_less_chosen
D:14:     layout_cave_pools, chequers_serial_rivers_micro_e, tgw_fedhas,
          uniq_agnes
D:15:     grunt_enter_depths_snipers, layout_stronghold, chequers_garden,
          nzn_wu_jian_council_hall
Temple:   nicolae_temple_ecumenical_triangle
Lair:1:   layout_roguey
Lair:2:   layout_regular_city, spider_nest_entry_funnel_web,
          serial_bayou_pond_c, minmay_holes
Lair:3:   dragon1_lemuel, layout_small_grid, nicolae_shoals_entry_flooding,
          serial_bayou_ford_a, infiniplex_staircase_pool, uniq_gastronok,
          uniq_urug
Lair:4:   layout_roguey
Lair:5:   hellmonk_lair_end_abyssal_woods, layout_regular_city, slime_entry_1,
          serial_bayou_pond_a, patterned_corridor
Shoals:1: nicolae_shoals_aurelia_aurita, layout_shoals, serial_shops,
          nicolae_shop_trees
Shoals:2: layout_shoals, st_shoals_ruin
Shoals:3: layout_shoals, nicolae_shoals_hunting_party
Shoals:4: shoals_end_grunt_ice, layout_shoals, ldierk_geyser, overgrown_tower,
          uniq_nikola
Spider:1: nicolae_spider_mines_2, nicolae_spider_nook
Spider:2: layout_spider_delve, nicolae_spider_checkerboard
Spider:3: layout_spider_delve, gammafunk_ghost_split, drop_trap,
          hangedman_spider_tarantella_strand
Spider:4: hellmonk_spider_rune_endless_swarm
Slime:1:  cheibrodos_slime_lost_civilization_2, layout_caves, basic_altar
Slime:2:  layout_caves
Slime:3:  layout_caves
Slime:4:  layout_caves, nicolae_slime_round_cave
Slime:5:  slime_pit_nicolae_trefoil
Orc:1:    layout_caves, enter_volcano_1
Orc:2:    st_orc_congregation, layout_diamond_mine
Elf:1:    eino_elf_arrival_customs, layout_geoelf_octagon,
          nicolae_elf_crossing_hall, grunt_megastairs_4, uniq_roxanne
Elf:2:    nicolae_elf_blades_splatter_lattice [infiniplex_blade_entry_pillars],
          layout_loops_corners, serial_library,
          serial_library_hellmonk_filled_rooms,
          serial_library_hellmonk_junction,
          serial_library_hellmonk_narrow_alcove,
          serial_library_regret_index_multi, serial_library_regret_index_boxing,
          serial_library_hellmonk_double_dead_end,
          serial_library_hellmonk_small_corner,
          serial_library_hellmonk_angled_corner, serial_sigils_hangedman_quiver
Elf:3:    minmay_elf_hall_statues, layout_geoelf_octagon, special_room
          [special_room_orc]
Vaults:1: hangedman_vaults_hat, nicolae_vaults_house_3, ontoclasm_vaults_fault,
          nicolae_vaults_two_Ls, hangedman_vaults_trim, v_rooms_2,
          ontoclasm_vaults_chip, ontoclasm_vaults_hangar, vaults_mumra_hex,
          hangedman_vaults_restitches, hangedman_vaults_hard_town_square,
          layout_vaults_ring
Vaults:2: blue_anna_dwarven_crypt, nicolae_vaults_heart-shaped_vault,
          nicolae_vaults_mitosis, nicolae_vaults_trapezoid_lopsided_3,
          ontoclasm_vaults_twist, nicolae_vaults_meeting,
          vaults_room_grunt_arrival_checkpoint, ontoclasm_vaults_chip,
          nicolae_vaults_tetromino_Z_2, nicolae_vaults_stepped_doors,
          vaults_mumra_minichess_inversion, layout_vaults_maze, serial_shops,
          shop
Vaults:3: portal_desolation_entry_salt, dpeg_vaults_monster_row,
          vaults_room_pools, nicolae_vaults_big_angled_halls, v_misc_10,
          nicolae_vaults_antechamber_and_loot_room, ontoclasm_vaults_ligature,
          grunt_vaults_twisty, v_misc_3, nicolae_vaults_more_shelving_1,
          nicolae_vaults_taking_the_gang_shopping, nicolae_vaults_tetromino_T_2,
          layout_vaults_omnicross
Vaults:4: nicolae_vaults_halls_meeting, v_misc_26,
          nicolae_vaults_network_square, nicolae_vaults_sesquioval_fish,
          nicolae_vaults_cochlea, v_misc_22, vaults_standard_mumra_x,
          nicolae_vaults_diagonal_hallway_9, hangedman_vaults_slither,
          v_alt_pattern_4, vaults_standard_mumra_lines,
          ontoclasm_vaults_shuriken, nicolae_vaults_little_ls,
          nicolae_vaults_gold_heap, nicolae_vaults_double_plus_1,
          layout_vaults_omnibox
Vaults:5: uniq_xtahua
Crypt:1:  layout_chaotic_city, grunt_crypt_arrival_guarded_gate,
          lemuel_upstairs_altar
Crypt:2:  layout_regular_city, beargit_elvish_explorers
Crypt:3:  lightli_unholy_cathedral, layout_chaotic_city,
          nicolae_tomb_entry_unfolded_pyramid_orthogonal,
          amcnicky_mini_rare_corridor_liquid
Tomb:1
Tomb:2
Tomb:3
Depths:1: layout_gridlike, bloody_trog, grunt_pan_entry_sceptre, hell_entry,
          evilmike_ruin_ashenzari, infiniplex_staircase_pool_lava,
          uniq_enchantress
Depths:2: minmay_fractal_lines_corner, layout_gridville, pan_entry,
          minmay_misc_feat_rugged, grunt_hell_entry_dis_grunt,
          infiniplex_staircase_zigzag_5, minmay_shoptagon, uniq_vv
Depths:3: nicolae_cairo_tiling_large, layout_long_grid, hangedman_geh_valley,
          kiku_gazebo_pond_becter, abyss_entry, infiniplex_staircase_squiggle
Depths:4: grunt_crosshair, layout_basic, enter_ziggurat_a, grunt_mini_vestibule
Hell
Dis:1:    layout_subdivisions
Dis:2:    layout_gridville
Dis:3:    layout_subdivisions, nicolae_dis_step_into_the_octagon
Dis:4:    layout_subdivisions
Dis:5:    layout_gridville, nicolae_dis_big_boring_drill
Dis:6:    hangedman_dis_decor_blocks_talon, layout_jigsaw
Dis:7:    iron_city_of_dis [dis_grunt, dis_wall_8], layout_gridville
Geh:1:    layout_gehenna_pools_basic
Geh:2:    layout_gehenna_pools_triple, nicolae_geh_liches_on_tour
Geh:3:    layout_gehenna_pools_triple, tekkud_geh_sculpture_garden
Geh:4:    layout_gehenna_lava_caves
Geh:5:    layout_gehenna_pools_basic
Geh:6:    layout_gehenna_pools_basic, lemuel_flamethrower_2
Geh:7:    geh_grunt_pentagon
Coc:1:    layout_ice_bergs
Coc:2:    layout_cocytus_water_paths
Coc:3:    layout_cocytus_delve, serial_ice, serial_ice_g, serial_ice_c,
          serial_ice_a, serial_ice_e
Coc:4:    layout_cocytus_water_paths
Coc:5:    layout_ice_bergs
Coc:6:    layout_cocytus_water_paths
Coc:7:    coc_grunt
Tar:1:    hangedman_restless_catacombs
Tar:2:    layout_cathedral_of_symmetry, nicolae_tar_cuneiform_two
Tar:3:    nicolae_tar_honey_stairs, layout_cathedral_of_symmetry
Tar:4:    layout_catacombs
Tar:5:    layout_honeycomb, evilmike_ambush [evilmike_ambush_outer_doors,
          evilmike_ambush_inner_basic]
Tar:6:    layout_honeycomb
Tar:7:    tar_old
Zot:1:    circus_mu, layout_basic
Zot:2:    layout_gridlike, grunt_megastairs_5
Zot:3:    layout_onion_interference, regret_index_zotdec_carving_tricks,
          uniq_grunn
Zot:4:    layout_concentric_octagons, skrybe_zot_glass_3
Zot:5:    layout_twisted_circle

Skill      XL: |  1  2  3  4  5  6  7  8  9 10 11 12 13 14 15 16 17 18 19 20 21 22 23 24 25 26 27 |
---------------+----------------------------------------------------------------------------------+-----
Fighting       | 1 2 3 4 5 8 10 11 12 14 15 16 17 18 19 24 | 24.3
Ice Magic      | 5 6 8 9 10 | 10.0
Spellcasting   | 3 4 5 7 8 9 10 11 12 21 | 21.5
Translocations | 1 2 3 4 6 |  6.0
Invocations    | 2 3 5 6 8 9 10 11 12 13 14 16 17 18 19 27 | 27.0
Armour         | 2 3 5 6 8 10 12 13 14 15 16 20 | 20.1
Maces & Flails | 2 5 7 9 11 13 14 15 16 20 | 20.8
Shields        | 1 4 6 10 13 16 19 20 27 | 27.0
Summonings     | 2 |  2.0
Evocations     | 2 4 12 | 12.0
Stealth        | 4 8 10 | 10.8
Dodging        | 3 6 11 | 11.0
Earth Magic    | 1 5 8 12 13 15 16 17 19 20 22 26 | 26.0
Conjurations   | 4 7 8 10 12 13 22 | 22.0
Fire Magic     | 8 9 13 14 24 | 24.0
Throwing       | 6 |  6.0

Action                     |  1- 3 |  4- 6 |  7- 9 | 10-12 | 13-15 | 16-18 | 19-21 | 22-24 | 25-27 || total
---------------------------+-------+-------+-------+-------+-------+-------+-------+-------+-------++-------
  Melee: Dagger            |     8 |    48 |     2 |       |       |       |       |       |       ||    58
         Short sword       |       |       |    45 |       |       |       |       |       |       ||    45
         Punch             |       |       |     1 |       |       |       |       |       |       ||     1
         Hand axe          |       |       |    10 |       |       |       |       |       |       ||    10
         Morningstar       |       |       |    19 |       |   292 |  1424 |  1264 |  1636 |  2941 ||  7576
         Mace              |       |       |    19 |   224 |   446 |   285 |       |       |       ||   974
         War axe           |       |       |     9 |    11 |    28 |     9 |       |       |       ||    57
         Flail             |       |       |       |       |       |   394 |   609 |     9 |       ||  1012
         Staff             |       |       |       |       |       |       |       |     7 |   279 ||   286
         Sacred scourge    |       |       |       |       |       |       |       |       |  1767 ||  1767
  Throw: Dart              |       |     6 |     3 |     1 |    14 |     4 |       |       |       ||    28
         Boomerang         |       |     1 |       |       |       |     2 |    17 |     2 |     4 ||    26
         Throwing net      |       |       |       |       |     1 |     1 |       |       |     1 ||     3
         Javelin           |       |       |       |       |       |       |       |       |     3 ||     3
   Cast: Freeze            |    51 |    87 |    48 |    28 |    10 |     1 |       |       |       ||   225
         Frozen Ramparts   |       |    16 |    43 |    64 |   142 |   114 |    40 |     6 |     1 ||   426
         Ozocubu's Armour  |       |     4 |    21 |    40 |    96 |   143 |    44 |    11 |     3 ||   362
         Summon Ice Beast  |       |       |    35 |    66 |   105 |   186 |     6 |       |       ||   398
         Apportation       |       |       |       |     2 |    44 |    95 |    49 |    44 |   191 ||   425
         Lesser Beckoning  |       |       |       |     1 |    32 |    77 |    25 |    10 |     2 ||   147
         Stone Arrow       |       |       |       |       |       |   100 |    93 |     7 |    10 ||   210
         Passwall          |       |       |       |       |       |    27 |       |       |    19 ||    46
         Brom's Barrelling |       |       |       |       |       |    33 |    22 |       |     9 ||    64
         Lee's Rapid Decon |       |       |       |       |       |    19 |   136 |   214 |   584 ||   953
         Hailstorm         |       |       |       |       |       |    13 |    10 |     1 |     1 ||    25
         Bombard           |       |       |       |       |       |       |     2 |    62 |  1281 ||  1345
         Starburst         |       |       |       |       |       |       |       |    15 |   282 ||   297
         Blink             |       |       |       |       |       |       |       |     3 |    29 ||    32
         Orb of Destructio |       |       |       |       |       |       |       |       |   219 ||   219
         Ignition          |       |       |       |       |       |       |       |       |   189 ||   189
         Shatter           |       |       |       |       |       |       |       |       |   114 ||   114
         Fire Storm        |       |       |       |       |       |       |       |       |     9 ||     9
         Passage of Golubr |       |       |       |       |       |       |       |       |     3 ||     3
 Invoke: Recite            |       |       |    12 |     4 |    33 |    46 |    53 |    73 |   181 ||   402
         Vitalisation      |       |       |       |     2 |     2 |     4 |     5 |    19 |    79 ||   111
         Imprison          |       |       |       |     2 |       |     1 |       |       |     2 ||     5
         Sanctuary         |       |       |       |       |       |     2 |     1 |       |     3 ||     6
Ability: Evoke Blink       |       |       |       |       |       |     1 |     5 |     3 |       ||     9
  Evoke: Wand              |       |       |       |     2 |     4 |    18 |     2 |     5 |    40 ||    71
         Phial of floods   |       |       |       |       |     1 |     1 |       |     1 |       ||     3
         Phantom mirror    |       |       |       |       |       |     1 |       |       |     1 ||     2
         Tin of tremorston |       |       |       |       |       |       |     3 |       |     3 ||     6
    Use: Scroll            |       |       |       |       |    23 |    22 |     5 |     6 |    36 ||    92
         Potion            |       |       |       |       |     4 |    10 |     4 |     3 |    22 ||    43
   Stab: Sleeping          |     2 |     7 |       |     1 |     3 |     3 |     6 |     9 |    17 ||    48
         Distracted        |       |       |     1 |     1 |     4 |     2 |     1 |       |    16 ||    25
         Confused          |       |       |       |       |    10 |     2 |    29 |    21 |    61 ||   123
         Held in net/web   |       |       |       |       |     1 |       |       |       |       ||     1
         Paralysed         |       |       |       |       |     7 |     9 |       |    10 |     8 ||    34
         Invisible         |       |       |       |       |     1 |     1 |     1 |    13 |       ||    16
         Petrified         |       |       |       |       |       |     2 |       |       |       ||     2
 Armour: Robe              |    26 |    73 |   105 |       |       |       |       |       |       ||   204
         Acid dragon scale |       |       |     7 |   238 |   236 |       |       |       |       ||   481
         Fire dragon scale |       |       |       |       |   251 |  2227 |  1791 |  1037 |   796 ||  6102
         Pearl dragon scal |       |       |       |       |       |       |       |       |  2797 ||  2797
  Dodge: Dodged            |    16 |    73 |    89 |   116 |   249 |   941 |   675 |   678 |  2287 ||  5124
  Block: Buckler           |       |       |       |    50 |   120 |   482 |   278 |       |       ||   930
         Kite shield       |       |       |       |       |       |       |   552 |  1096 |  3645 ||  5293
         Tower shield      |       |       |       |       |       |       |       |       |  1063 ||  1063
